Description

Zerg Cheese

Replay - Traitor's Exile (TPvZT) one bases cheeses [loss] 230 3 ravager hit

Build Order

Get SALT Encoding   

  12  0:19  Spawning Pool  
  11  0:23  Drone x2  
  13  0:31  Drone  
  14  0:36  Extractor  
  14  0:39  Drone  
  14  0:43  Extractor  
  14  0:46  Drone  
  14  1:07  Roach Warren  
  14  1:09  Drone  
  14  1:17  Overlord  
  14  1:48  Roach x3  
  20  1:59  Overlord  
  20  2:11  Roach  
  22  2:19  Ravager x3  
  25  2:30  Roach  
  25  2:36  Ravager  
  28  2:49  Roach  
  30  2:52  Overlord  
  30  3:17  Roach x3  
  33  3:30  Ravager x2  
  35  3:50  Queen  
  37  4:08  Overlord  
  35  4:17  Roach  
  22  4:42  Queen  
  24  4:48  Drone x2  
Spawning Tool Build Advisor. Get it on Overwolf

Analysis

Um, win. Terran scouts this or loses, or scouts it and still probably loses.

Go to:

Details

  • Created by: silverhorn  
  • Published on: Jan 03, 2019
  • Modified on: Jan 03, 2019
  • Patch: 4.7.1
Show
View Real Time Build Order
Export as new Build Order

Comments (0)

There are no comments. Be the first!

Create an account to comment!